 Dungeon Crawl Stone Soup version 0.18.1-6-gd335043 (webtiles) character file.

3959 nikopol the Spear-Bearer (level 10, -3/132 HPs)
             Began as a Minotaur Berserker on May 17, 2016.
             Was a High Priest of Trog.
             Slain by a chaos spawn (7 damage)
             ... on level 2 of the Abyss.
             The game lasted 00:20:33 (7875 turns).

nikopol the Spear-Bearer (Minotaur Berserker)       Turns: 7875, Time: 00:20:34

Health: -3/132     AC: 16    Str: 27    XL:     10   Next: 2%
Magic:  9/9        EV: 12    Int:  4    God:    Trog [*****.]
Gold:   624        SH:  0    Dex: 13    Spells: 0 memorised, 9 levels left

rFire  . . .     SeeInvis .     V - +3 spear (vamp)
rCold  . . .     Gourm    +     f - +0 chain mail (curse)
rNeg   . . .     Faith    .     (no shield)
rPois  .         Spirit   .     (helmet restricted)
rElec  .         Dismiss  .     (no cloak)
rCorr  .         Reflect  .     I - +2 pair of gloves
SustAt .         Harm     .     X - +1 pair of boots
MR     .....                    w - amulet of the gourmand
Stlth  ..........               (no ring)
                                H - ring of flight

@: berserking, very quick, not resistant to hostile enchantments, extremely
unstealthy
A: retaliatory headbutt, horns 2
a: Berserk, Trog's Hand, Brothers in Arms, Burn Spellbooks, Renounce Religion,
Evoke Flight


You were on level 2 of the Abyss.
You worshipped Trog.
Trog was extremely pleased with you.
You were not hungry.

You visited 1 branch of the dungeon, and saw 10 of its levels.
You visited the Abyss 1 time.

You collected 624 gold pieces.

Inventory:

Hand Weapons
 a - a +0 spear
 n - a +0 halberd
 V - a +3 vampiric spear (weapon)
Missiles
 z - 5 tomahawks (quivered)
 G - 4 silver tomahawks
Armour
 b - a +0 animal skin
 d - a +0 ring mail
 f - a cursed +0 chain mail (worn)
 x - a troll hide {Purgy}
 I - a +2 pair of gloves (worn)
 M - the -1 cloak "Nuevvu" {rN++ Int+3}
   (You found it on level 6 of the Dungeon)

   It affects your intelligence (+3).
   It greatly protects you from negative energy.
 Q - a +0 cloak
 X - a +1 pair of boots (worn)
Jewellery
 w - an amulet of the gourmand (around neck)
 H - a ring of flight (left hand)
Wands
 C - a wand of slowing (16/48)
 J - a wand of paralysis (13/24)
 T - a wand of acid (8/15)
 U - a wand of lightning (11/15)
Scrolls
 e - 10 scrolls of remove curse
 g - 2 scrolls of blinking {unknown}
 l - a scroll of immolation {unknown}
 m - a scroll of identify
 o - 2 scrolls of amnesia {unknown}
 s - 2 scrolls of fog {unknown}
 t - 2 scrolls of fear {unknown}
 v - 3 scrolls of teleportation {unknown}
 y - a scroll of random uselessness {unknown}
 A - a scroll of recharging {unknown}
 D - a scroll of silence {unknown}
 E - 3 scrolls of enchant armour {unknown}
 P - a scroll of brand weapon {unknown}
 R - a scroll of magic mapping {unknown}
Potions
 j - 4 potions of flight
 k - 3 potions of curing
 p - a potion of agility
 q - a potion of heal wounds
 r - 2 potions of might
 u - 3 potions of cure mutation
 F - a potion of brilliance
 L - a potion of invisibility {unknown}
 N - a potion of resistance {unknown}
 O - 2 potions of lignification
 W - a potion of haste {unknown}
Comestibles
 c - 3 bread rations
 h - 2 slices of pizza
 i - 4 beef jerkies
 B - 6 meat rations
 K - a royal jelly
 S - 8 fruits


   Skills:
 + Level 8.2 Fighting
 * Level 10.6 Polearms
 + Level 4.4 Throwing
 + Level 7.8 Armour
 + Level 7.3 Dodging


You had 9 spell levels left.
You didn't know any spells.

Dungeon Overview and Level Annotations

Branches:
Dungeon (10/15)            Temple (0/1) D:7             Orc (0/2) D:9
   Lair: D:8-11

Altars:
Ashenzari
Gozag
Kikubaaqudgha
Makhleb
Nemelex Xobeh
Pakellas
Ru
Sif Muna
Vehumet
Yredelemnul
Zin
The Shining One

Shops:
D:4 (   D:5 !

Annotations:
D:10 Sonja


Innate Abilities, Weirdness & Mutations

You reflexively headbutt those who attack you in melee.
You have a pair of horns on your head.


Message History

The chaos spawn is lightly wounded.
The golden eye blinks!
You closely miss the chaos spawn.
The chaos spawn is lightly wounded.
The chaos spawn hits you!
* * * LOW HITPOINT WARNING * * *
Wisps of poison gas drift from your hands.
A red film seems to cover your vision as you go berserk!
You feel yourself moving faster!
You feel mighty! The chaos spawn gores you.
* * * LOW HITPOINT WARNING * * *
You are caught in a localised field of spatial distortion.
* * * LOW HITPOINT WARNING * * *
You closely miss the chaos spawn. Your headbutt misses the chaos spawn.
The chaos spawn is lightly wounded.
You hit the chaos spawn. You headbutt the chaos spawn!
The chaos spawn is heavily wounded.
The chaos spawn hits you!
* * * LOW HITPOINT WARNING * * *
The chaos spawn shocks you!
You die...

. . .#
≈.G##. . .
......####
.
#........
. #...#..
# ..
......
....... .
. . #3##
## #@# #.#
.#.# #.#
#.# ### .
.


You could see a chaos spawn and a golden eye.

Vanquished Creatures
  Erica (D:9)
  Prince Ribbit (D:8)
  A hungry ghost (D:3)
  A sky beast (D:9)
  An ice beast (D:8)
  A black bear (D:7)
  Purgy (D:4)
  An orc warrior (D:7)
  2 phantoms
  A necrophage (D:9)
  5 ogres
  5 centaurs
  Blork the orc (D:4)
  3 giant frogs
  3 scorpions
  3 crimson imps
  3 hounds
  A centaur zombie (D:7)
  2 jellies
  3 orc priests
  A gnoll shaman (D:4)
  2 iguanas
  3 orc wizards
  3 worker ants
  A hound zombie (D:7)
  A hound skeleton (D:5)
  A howler monkey skeleton (D:6)
  17 adders
  10 gnolls
  2 shadow imps
  2 oozes
  A worm (D:3)
  A dart slug (D:1)
  A giant gecko (D:5)
  33 orcs
  4 ball pythons
  3 giant cockroaches
  6 hobgoblins
  4 jackals (D:3)
  11 kobolds
  4 quokkas
  A bat (D:1)
  6 giant newts
  8 goblins
  3 rats
169 creatures vanquished.

Notes
Turn   | Place    | Note
--------------------------------------------------------------
     0 | D:1      | nikopol the Minotaur Berserker began the quest for the Orb.
     0 | D:1      | Reached XP level 1. HP: 19/19 MP: 0/0
    74 | D:1      | Reached skill level 4 in Polearms
    97 | D:1      | Reached XP level 2. HP: 19/27 MP: 1/1
   863 | D:2      | Found a glowing golden altar of the Shining One.
   920 | D:2      | Reached XP level 3. HP: 33/33 MP: 2/2
  1139 | D:2      | Found a faded altar to an unknown god.
  1203 | D:2      | Found an opulent altar of Gozag.
  1203 | D:2      | Found a sparkling altar of Nemelex Xobeh.
  1321 | D:2      | Reached ** piety under Trog
  1407 | D:2      | Reached XP level 4. HP: 40/40 MP: 3/3
  2213 | D:3      | Found a deep blue altar of Sif Muna.
  2213 | D:3      | Found an ancient bone altar of Kikubaaqudgha.
  2214 | D:3      | Found a shattered altar of Ashenzari.
  2252 | D:3      | Noticed a hungry ghost
  2279 | D:3      | Killed a hungry ghost
  2279 | D:3      | Reached skill level 5 in Fighting
  2279 | D:3      | Reached skill level 5 in Polearms
  2279 | D:3      | Reached XP level 5. HP: 23/48 MP: 4/4
  2448 | D:3      | Reached XP level 6. HP: 53/56 MP: 5/5
  3163 | D:4      | Found Noklapte's Weapon Shop.
  3165 | D:4      | Noticed Purgy
  3171 | D:4      | Killed Purgy
  3171 | D:4      | Reached skill level 6 in Polearms
  3205 | D:4      | Reached *** piety under Trog
  3440 | D:4      | Noticed Blork the orc
  3447 | D:4      | Killed Blork the orc
  3447 | D:4      | Reached XP level 7. HP: 61/61 MP: 6/6
  3705 | D:4      | Reached skill level 7 in Polearms
  3848 | D:4      | Reached skill level 5 in Armour
  3848 | D:4      | Reached skill level 5 in Dodging
  4115 | D:5      | Entered Level 5 of the Dungeon
  4125 | D:4      | Reached skill level 1 in Throwing
  4432 | D:5      | Reached XP level 8. HP: 66/70 MP: 7/7
  4475 | D:5      | Found Kuxip's Distillery.
  4694 | D:5      | Found a sacrificial altar of Ru.
  4719 | D:5      | Reached **** piety under Trog
  4805 | D:6      | Found a burning altar of Makhleb.
  4959 | D:6      | Got a dazzling cloak
  4965 | D:6      | Identified the cursed -1 cloak "Nuevvu" {rN++ Int+3} (You found it on level 6 of the Dungeon)
  5027 | D:6      | Reached skill level 8 in Polearms
  5138 | D:6      | Found a glowing silver altar of Zin.
  5138 | D:6      | Noticed a green death
  5138 | D:6      | Noticed an angel
  5491 | D:7      | Found a staircase to the Ecumenical Temple.
  5762 | D:8      | Reached skill level 9 in Polearms
  5762 | D:8      | Reached XP level 9. HP: 72/79 MP: 8/8
  6056 | D:8      | Noticed Prince Ribbit
  6066 | D:8      | Killed Prince Ribbit
  6618 | D:9      | Found a radiant altar of Vehumet.
  6620 | D:9      | Found a sacrificial altar of Ru.
  6621 | D:9      | Found a basalt altar of Yredelemnul.
  6623 | D:9      | Found an oddly glowing altar of Pakellas.
  6801 | D:9      | Found a staircase to the Orcish Mines.
  6924 | D:9      | Reached ***** piety under Trog
  6924 | D:9      | Reached skill level 10 in Polearms
  6957 | D:9      | Noticed Erica
  6971 | D:9      | Killed Erica
  7249 | D:9      | Reached XP level 10. HP: 83/88 MP: 9/9
  7276 | D:10     | Entered Level 10 of the Dungeon
  7287 | D:10     | Noticed Sonja
  7753 | D:10     | Cast into level 2 of the Abyss (Sonja)
  7757 | Abyss:2  | Found a corrupted altar of Lugonu.
  7875 | Abyss:2  | HP: 4/132 [chaos spawn (13)]
  7875 | Abyss:2  | Slain by a chaos spawn

Skill      XL: |  1  2  3  4  5  6  7  8  9 |
---------------+----------------------------+-----
Polearms       | 4 5 6 7 9 10 | 10.6
Armour         | 3 4 5 6 7 |  7.8
Fighting       | 4 5 6 7 8 |  8.2
Dodging        | 3 4 5 6 7 |  7.3
Throwing       | 1 2 4 |  4.4

Action                   |  1- 3 |  4- 6 |  7- 9 | 10-12 || total
-------------------------+-------+-------+-------+-------++-------
Melee: Spear             |    52 |       |    16 |    20 ||    88
       Headbutt          |     9 |    15 |    52 |     3 ||    79
       Halberd           |     8 |   109 |   292 |       ||   409
Throw: Tomahawk          |       |       |    22 |     1 ||    23
Invok: Berserk           |     1 |     3 |     2 |     3 ||     9
       Trog's Hand       |       |       |       |     1 ||     1
  Use: Scroll            |       |       |    10 |       ||    10
       Potion            |       |       |       |     1 ||     1
 Stab: Distracted        |       |       |       |     1 ||     1
  Eat: Chunk             |     2 |    10 |    30 |       ||    42
       Bread ration      |       |     1 |       |       ||     1
Armor: Ring mail         |    14 |    35 |    56 |       ||   105
       Chain mail        |       |       |    10 |     5 ||    15
Dodge: Dodged            |    18 |    72 |   153 |     7 ||   250
